 Dungeon Sprint DCSS version 0.16-a0-4053-g5391420 (webtiles) character file.

381 BluebellGnoll the Basher (level 6, -2/80 HPs)
             Began as an Ogre Hunter on Feb 20, 2015.
             Was an Initiate of Okawaru.
             Slain by a centaur warrior (7 damage)
             ... in the Dungeon (Sprint IX: "|||||||||||||||||||||||||||||").
             The game lasted 00:03:06 (470 turns).

BluebellGnoll the Basher (Ogre Hunter)               Turns: 470, Time: 00:03:07

Health: -2/80      AC:  4    Str: 21    XL:     6   Next: 75%
Magic:  6/6        EV: 13    Int: 10    God:    Okawaru [......]
Gold:   0          SH:  0    Dex: 15    Spells: 0 memorised, 5 levels left

rFire  . . .     SeeInvis .     q - +2 dire flail (crush)
rCold  . . .     Clarity  .     d - +0 animal skin
rNeg   . . .     SustAb   .     (shield restricted)
rPois  .         Gourm    .     (helmet restricted)
rElec  .         Spirit   .     a - +0 cloak
rCorr  .         Warding  .     (gloves unavailable)
rMut   .         NoTele   +     (boots unavailable)
MR     .....                    (no amulet)
Stlth  ++........               r - +3 ring of dexterity
                                s - +3 ring of strength

@: not resistant to hostile enchantments, unstealthy
A: unfitting armour, tough skin 1
a: Renounce Religion


You were in the Dungeon.
You worshipped Okawaru.
Okawaru was noncommittal.
You were not hungry.

You visited 1 branch

Inventory:

Hand weapons
 q - a +2 dire flail of crushing (weapon)
Armour
 a - a +0 cloak (worn)
 d - a +0 animal skin (worn)
Magical staves
 p - an uncursed staff of energy
Jewellery
 r - a +3 ring of dexterity (right hand)
 s - a +3 ring of strength (left hand)
Magical devices
 o - a wand of cold (6)
Scrolls
 k - 2 scrolls of blinking
 m - 3 scrolls of remove curse
 n - 2 scrolls of amnesia
Potions
 e - 5 potions of curing
 g - 3 potions of heal wounds
 h - a potion of invisibility
 i - 4 potions of magic
 j - a potion of berserk rage
Comestibles
 f - a meat ration
 l - 3 chunks of flesh


   Skills:
 - Level 11.0 Fighting
 - Level 11.1 Maces & Flails
 - Level 4.3 Throwing
 + Level 6.7 Dodging
 - Level 0.7 Stealth


You had 5 spell levels left.
You didn't know any spells.

Dungeon Overview and Level Annotations

Branches:
Dungeon (1/1)

Altars:
Cheibriados
Dithmenos
Elyvilon
Fedhas
Gozag
Kikubaaqudgha
Makhleb
Nemelex Xobeh
Okawaru
Qazlal
Ru
Sif Muna
Trog
Vehumet
Xom
Yredelemnul
Zin
The Shining One
Beogh
Jiyva
Lugonu


Innate Abilities, Weirdness & Mutations

You are too large for most types of armour.
You have tough skin (AC +1).


Message History

The centaur warrior is severely wounded.
The centaur warrior completely misses you.
The ogre skeleton hits you with a giant club.
You hit the ogre skeleton. The centaur warrior hits you.
You puncture the ogre skeleton!
The centaur warrior hits you but does no damage.
You hit the ogre skeleton. The centaur warrior hits you.
* * * LOW HITPOINT WARNING * * *
The ogre skeleton closely misses you.
You sock the ogre skeleton! The centaur warrior closely misses you.
You hit the centaur warrior but do no damage.
The centaur warrior is heavily wounded.
The centaur warrior hits you.
* * * LOW HITPOINT WARNING * * *
The ogre skeleton hits you with a giant club!
* * * LOW HITPOINT WARNING * * *
You puncture the centaur warrior!
The centaur warrior is severely wounded.
The centaur warrior hits you!
You die...

▓.▓
▓.▓
▓'▓
▓[▓
▓)▓
▓.▓
▓Z▓
▓Z▓
▓@▓
▓c▓
▓J▓
▓o▓
▓O▓
▓.▓
▓.▓
▓.▓
▓+▓


You could see a slime creature, a centaur warrior, an ogre, an orc, an orc
skeleton and an ogre skeleton.

Vanquished Creatures
  An ogre (D)
  A centaur (D)
  A giant frog (D)
  A crimson imp (D)
  A hound (D)
  An iguana (D)
  An orc wizard (D)
  A worker ant (D)
  An adder (D)
  A shadow imp (D)
  A hobgoblin (D)
  A kobold (D)
  A bat (D)
  2 giant geckos (D)
  A giant newt (D)
  A goblin (D)
  A quokka zombie (D)
18 creatures vanquished.

Notes
Turn   | Place    | Note
--------------------------------------------------------------
     0 | D        | BluebellGnoll, the Ogre Hunter, began the quest for the Orb.
     0 | D        | Reached XP level 1. HP: 22/22 MP: 1/1
   132 | D        | Noticed a hound
   132 | D        | Noticed a worker ant
   132 | D        | Noticed an iguana
   135 | D        | Killed a hound
   135 | D        | Reached skill level 8 in Fighting
   135 | D        | Reached XP level 2. HP: 29/42 MP: 2/2
   135 | D        | Reached XP level 3. HP: 33/49 MP: 3/3
   141 | D        | Killed an iguana
   141 | D        | Reached skill level 10 in Fighting
   141 | D        | Reached XP level 4. HP: 37/61 MP: 4/4
   161 | D        | Killed a worker ant
   161 | D        | Reached skill level 11 in Fighting
   180 | D        | Found a glowing silver altar of Zin.
   180 | D        | Found a glowing golden altar of the Shining One.
   180 | D        | Found an ancient bone altar of Kikubaaqudgha.
   180 | D        | Found a basalt altar of Yredelemnul.
   180 | D        | Found a shimmering altar of Xom.
   180 | D        | Found a radiant altar of Vehumet.
   180 | D        | Found an iron altar of Okawaru.
   181 | D        | Found a burning altar of Makhleb.
   182 | D        | Found a deep blue altar of Sif Muna.
   183 | D        | Found a bloodstained altar of Trog.
   184 | D        | Found a sparkling altar of Nemelex Xobeh.
   185 | D        | Found a white marble altar of Elyvilon.
   186 | D        | Found a roughly hewn altar of Beogh.
   187 | D        | Found a viscous altar of Jiyva.
   188 | D        | Found a corrupted altar of Lugonu.
   189 | D        | Became a worshipper of Warmaster Okawaru
   190 | D        | Found a blossoming altar of Fedhas.
   191 | D        | Found a snail-covered altar of Cheibriados.
   192 | D        | Found a shadowy altar of Dithmenos.
   193 | D        | Found a stormy altar of Qazlal.
   194 | D        | Found an opulent altar of Gozag.
   195 | D        | Found a sacrificial altar of Ru.
   401 | D        | Noticed an orc wizard
   401 | D        | Noticed an ogre
   401 | D        | Noticed a centaur
   401 | D        | Noticed a crimson imp
   404 | D        | Killed an ogre
   404 | D        | Reached XP level 5. HP: 67/71 MP: 5/5
   405 | D        | Killed a centaur
   405 | D        | Reached XP level 6. HP: 75/80 MP: 6/6
   408 | D        | Killed an orc wizard
   420 | D        | Killed a crimson imp
   455 | D        | Noticed a centaur warrior
   455 | D        | Noticed a giant frog
   455 | D        | Noticed a slime creature
   455 | D        | Noticed an ogre
   460 | D        | Killed a giant frog
   470 | D        | Slain by a centaur warrior

Action                   |  1- 3 |  4- 6 || total
-------------------------+-------+-------++-------
Melee: Short sword       |    13 |    16 ||    29
       Dire flail        |       |    19 ||    19
Throw: Large rock        |     5 |     9 ||    14
       Throwing net      |       |     3 ||     3
Evoke: Wand              |       |     1 ||     1
  Use: Potion            |     1 |       ||     1
 Stab: Held in net/web   |       |     1 ||     1
